 Dungeon Crawl Stone Soup version 0.31.0-1-g2c135a008e (webtiles) character file.

Game seed: 4716203330489893106

210 qw the Trooper (level 6, -7/49 HPs)
             Began as a Djinni Hunter on Jan 24, 2024.
             Mangled by Terence
             ... wielding a +1 flail of holy wrath
              (10 damage)
             ... on level 3 of the Dungeon.
             The game lasted 00:00:05 (1722 turns).

qw the Trooper (Djinni Hunter)                      Turns: 1722, Time: 00:00:05

Health: -7/49      AC:  3    Str: 10    XL:     6   Next: 12%
Gold:   54         EV: 12    Int: 11    God:
                   SH:  0    Dex: 18

rFire   + + .        a - +1 shortbow
rCold   x . .        (shield currently unavailable)
rNeg    . . .        c - +0 leather armour
rPois   inf          (no helmet)
rElec   .            (no cloak)
rCorr   .            (no gloves)
SInv    .            (boots unavailable)
Will    .....        (no amulet)
Stlth   ++           (no ring)
HPRegen 0.28/turn    (no ring)
MPRegen 0.00/turn

%: infuse magic (-8 HP)
@: flying
A: sickness immunity, fire resistance 2, cold vulnerability 1, float, innate
caster, HP casting, extra vitality 1
a: no special abilities


You were on level 3 of the Dungeon.
You visited 1 branch of the dungeon, and saw 3 of its levels.

You collected 54 gold pieces.


Innate Abilities, Weirdness & Mutations

You are immune to sickness and miasma.
You are immune to poison.
Your flesh is very heat resistant. (rF++)
You are vulnerable to cold. (rC-)
You float through the air rather than walking.
You learn spells naturally, not from books.
Your magical power is your life essence.
You have superior vitality. (+4 MHP)


   Skills:
 - Level 5.2 Fighting
 - Level 4.0 Ranged Weapons
 + Level 2.2 Dodging
 - Level 0.7 Stealth


You knew the following spells:

 Your Spells              Type           Power      Damage    Failure   Level
a - Apportation           Tloc           0%         N/A       43%         1
b - Searing Ray           Conj           0%         2d4       58%         2
Your spell library was empty.

Inventory:

Hand Weapons
 a - a +1 shortbow (weapon)
Armour
 c - a +0 leather armour (worn)
Potions
 g - a potion of might
 h - 4 potions of curing
 i - a potion of enlightenment
 j - a potion of brilliance {unknown}

Dungeon Overview and Level Annotations

Branches:
Dungeon (3/15)

Altars:
Elyvilon

Annotations:
D:2 1 runed translucent door, Crazy Yiuf
D:3 Terence


Message History

What level of the Dungeon? (default 2, ? - help)
There is an open door here.
There is a stone staircase leading down here.
You fly downwards.
There is a stone staircase leading up here.
There are monsters nearby!
Waypoint 2 assigned to D:3.
You shoot an arrow. The arrow closely misses Terence.
The orc shouts!
You shoot an arrow. The arrow barely misses Terence.
You shoot an arrow.
The arrow hits Terence but does no damage.
The orc hits you with a +1 hand axe of freezing.
The orc freezes you.
Terence hits you with a +1 flail of holy wrath.
You shoot an arrow.
The arrow hits Terence but does no damage.
The orc hits you with a +1 hand axe of freezing!
The orc freezes you.
Terence hits you with a +1 flail of holy wrath!
You shoot an arrow. The arrow barely misses Terence.
The orc closely misses you.
Terence screams, "I'm going to kill you!"
Terence closely misses you.
The orc hits you with a +1 hand axe of freezing.
The orc freezes you. Terence says, "Did you write a will?
You should..."
Terence hits you with a +1 flail of holy wrath.
You shoot an arrow.
The arrow hits Terence but does no damage.
The orc hits you with a +1 hand axe of freezing.
The orc freezes you.
Terence hits you with a +1 flail of holy wrath!
You shoot an arrow.
The arrow hits Terence but does no damage.
The orc hits you with a +1 hand axe of freezing.
The orc freezes you.
Terence hits you with a +1 flail of holy wrath!
You die...
Terence says, "Time to find some more victims."

####### .......
#
###....##.###.#
......@@o.....#
...............
##.#####..#....
..# ##. .## .#
##


You could see Terence and an orc.

Vanquished Creatures
  Sigmund (D:2)
  2 adders (D:2)
  3 ball pythons
  4 endoplasms (D:2)
  2 goblins
  5 hobgoblins
  5 kobolds
  3 quokkas
  4 bats
  4 rats
33 creatures vanquished.

Notes
Turn   | Place    | Note
-------+----------+-------------------------------------------
     0 | D:1      | qw the Djinni Hunter began the quest for the Orb.
     0 | D:1      | Reached XP level 1. HP: 18/18 MP: 0/0
     0 | D:1      | 0 ||| qw: Version: 0.3-a-136-gdd3b4e8
     0 | D:1      | 0 ||| qw: Game counter: 1269
     0 | D:1      | 0 ||| qw: Melee chars always use a shield: true
     0 | D:1      | 0 ||| qw: God list: Okawaru
     0 | D:1      | 0 ||| qw: Allow faded altars: false
     0 | D:1      | 0 ||| qw: Do Orc after clearing Dungeon:15 true
     0 | D:1      | 0 ||| qw: Do second Lair branch before Depths: true
     0 | D:1      | 0 ||| qw: Lair rune preference: random
     0 | D:1      | 0 ||| qw: Goals: Normal
     0 | D:1      | 0 ||| PLANNING D:1-11
    66 | D:1      | Found a faded altar of an unknown god.
    91 | D:1      | Reached XP level 2. HP: 21/23 MP: 0/0
   501 | D:1      | 501 ||| READING 2 scrolls labelled QONION SICI.
   501 | D:1      | 501 ||| IDENTIFYING viscous puce potion
   502 | D:1      | 502 ||| READING scroll of identify.
   502 | D:1      | 502 ||| IDENTIFYING fizzy dark potion
   503 | D:1      | 503 ||| READING scroll labelled WIMNATHYUK.
   504 | D:1      | 504 ||| READING scroll labelled EPSENE SICKO.
   508 | D:1      | 508 ||| DROPPING scroll of butterflies.
   509 | D:1      | 509 ||| DROPPING potion of ambrosia.
   575 | D:2      | Reached XP level 3. HP: 28/28 MP: 0/0
   575 | D:2      | Learned a level 1 spell: Apportation
   576 | D:2      | Found a white marble altar of Elyvilon.
   770 | D:2      | HP: 5/29 [quokka (3)]
   772 | D:2      | HP: 2/29 [quokka (3)]
   778 | D:2      | HP: 2/29 [quokka (1)]
   781 | D:2      | Reached XP level 4. HP: 3/34 MP: 0/0
   961 | D:2      | Noticed Sigmund
   962 | D:2      | 962 ||| DRINKING 5 potions of curing.
   962 | D:2      | 962 ||| (to cure confusion)
   976 | D:2      | Killed Sigmund
   977 | D:2      | Reached skill level 5 in Fighting
   977 | D:2      | Reached XP level 5. HP: 14/43 MP: 0/0
   977 | D:2      | Learned a level 2 spell: Searing Ray
   977 | D:2      | Reached XP level 6. HP: 16/49 MP: 0/0
  1549 | D:2      | Found a runed translucent door.
  1550 | D:2      | Noticed Crazy Yiuf
  1670 | D:2      | 1670 ||| READING 2 scrolls of identify.
  1670 | D:2      | 1670 ||| IDENTIFYING inky potion
  1671 | D:2      | 1671 ||| READING scroll of identify.
  1671 | D:2      | 1671 ||| IDENTIFYING blue potion
  1672 | D:2      | 1672 ||| READING scroll labelled ABOT UMEYMUENU.
  1672 | D:2      | 1672 ||| ENCHANTING +0 shortbow.
  1673 | D:2      | 1673 ||| READING scroll labelled DIQUIS XOANE.
  1674 | D:2      | 1674 ||| READING scroll labelled YRUARU RUEWOS.
  1715 | D:3      | Noticed Terence
  1721 | D:3      | HP: 6/49 [Terence/+1 flail of holy wrath (7)]
  1722 | D:3      | Mangled by Terence

Levels and vault maps discovered:
D:1:      lemuel_arrival_muddy, layout_basic, dreamdust_ecumenical_altar_grove
D:2:      layout_basic, basic_altar, minmay_misc_feat_alley,
          uniq_crazy_yiuf_cottage, uniq_sigmund
D:3:      minmay_spotlight, layout_basic, uniq_terence

Skill      XL: |  1  2  3  4 |
---------------+-------------+-----
Ranged Weapons | 4 |  4.0
Fighting       | 5 |  5.2
Dodging        | |  2.2
Stealth        | |  0.7

Action                     |  1- 3 |  4- 6 || total
---------------------------+-------+-------++-------
   Fire: Shortbow          |    88 |    28 ||   116
    Use: Scroll            |     4 |     5 ||     9
         Potion            |       |     1 ||     1
 Armour: Leather armour    |    40 |    16 ||    56
  Dodge: Dodged            |    45 |     7 ||    52

Table legend:
 A = Non-vault XP
 B = Vault XP
 C = Vault XP percentage of total XP
 D = Non-vault monster count
 E = Vault monster count
 F = Vault count percentage of total count
                 A         B        C        D         E       F
            +---------+---------+-------+---------+---------+-------
      Total |      74 |     226 |  75.3 |      32 |       1 |   3.0
            +---------+---------+-------+---------+---------+-------
        D:1 |      28 |       0 |   0.0 |      17 |       0 |   0.0
        D:2 |      46 |     226 |  83.1 |      15 |       1 |   6.2
            +---------+---------+-------+---------+---------+-------
